 Dungeon Crawl Stone Soup version 0.27.1-33-g824d729ab1 (webtiles) character file.

Game seed: 8488773606751487960

3242 Wolffar the Thaumaturge (level 9, 0/52 HPs)
             Began as a Deep Elf Fire Elementalist on Dec 1, 2021.
             Was an Initiate of Vehumet.
             Succumbed to a scorpion's poison
             ... on level 6 of the Dungeon on Dec 2, 2021.
             The game lasted 01:35:06 (12360 turns).

Wolffar the Thaumaturge (DEFE)                     Turns: 12360, Time: 01:35:07

Health: 0/52       AC: 14    Str:  5    XL:     9   Next: 67%
Magic:  20/23      EV: 15    Int: 24    God:    Vehumet [......]
Gold:   380        SH:  0    Dex: 15    Spells: 9/25 levels left

rFire    . . .     SeeInvis .   A - +5 scythe (protect)
rCold    + . .     Faith    .   (shield currently unavailable)
rNeg     . . .     Spirit   .   a - +0 robe
rPois    .         Reflect  .   i - +2 hat
rElec    .         Harm     .   j - +1 cloak
rCorr    .         Rampage  .   f - +0 pair of gloves
Will     .....                  (no boots)
Stlth    ++........             (no amulet)
HPRegen  0.17/turn              e - ring of protection from cold
MPRegen  0.18/turn              (no ring)

@: lethally poisoned (0 -> -2), under a protective aura
A: no striking features
a: Renounce Religion


You were on level 6 of the Dungeon.
You worshipped Vehumet.
Vehumet was noncommittal.
You visited 2 branches of the dungeon, and saw 8 of its levels.

You collected 380 gold pieces.

Inventory:

Hand Weapons
 c - a +0 dagger of freezing
 p - a +1 dagger of venom
 x - a +0 whip of freezing
 y - a +0 trident of venom
 A - a +5 scythe of protection (weapon)
 B - a +1 vampiric trident
 C - a +2 falchion of holy wrath
Missiles
 d - 254 stones
 g - 6 poisoned darts (quivered)
 h - 8 atropa-tipped darts
 m - 59 sling bullets
Armour
 a - a +0 robe (worn)
 f - a +0 pair of gloves (worn)
 i - a +2 hat (worn)
 j - a +1 cloak (worn)
 w - a scarf of invisibility
 z - a +0 leather armour of cold resistance
Jewellery
 e - a ring of protection from cold (left hand)
Wands
 q - a wand of flame (21)
Scrolls
 o - a scroll of fog
 s - a scroll of acquirement {unknown}
 t - a scroll of holy word {unknown}
 u - a scroll of amnesia {unknown}
 v - a scroll of noise {unknown}
 E - a scroll of blinking {unknown}
Potions
 b - a potion of lignification
 k - 2 potions of cancellation
 l - 5 potions of brilliance
 r - a potion of haste
 D - a potion of flight


   Skills:
 * Level 3.9 Fighting
 - Level 1.1 Short Blades
 * Level 1.9 Polearms
 - Level 0.7 Throwing
 * Level 6.1 Dodging
 - Level 2.4 Stealth
 + Level 8.6 Spellcasting
 * Level 8.0 Conjurations
 * Level 3.2 Hexes
 + Level 6.8 Fire Magic


You had 9 spell levels left.
You knew the following spells:

 Your Spells              Type           Power      Damage    Failure   Level
a - Foxfire               Conj/Fire      100%       2x1d9     1%          1
b - Conjure Flame         Conj/Fire      46%        6-21      1%          3
c - Inner Flame           Hex/Fire       34%        N/A       2%          3
d - Sticky Flame          Conj/Fire      46%        2d6       2%          4
e - Fireball              Conj/Fire      23%        3d11      8%          5

Your spell library contained the following spells:

 Spells                   Type           Power      Damage    Failure   Level
 Passwall                 Tmut/Erth      8%         N/A       10%         2
 Cause Fear               Hex            12%        N/A       16%         4
 Swiftness                Air            10%        N/A       19%         3
 Invisibility             Hex            12%        N/A       94%         6
 Discord                  Hex            12%        N/A       100%        8


Dungeon Overview and Level Annotations

Branches:
Dungeon (7/15)             Temple (1/1) D:6

Altars:
Cheibriados
Dithmenos
Fedhas
Gozag
Hepliaklqana
Kikubaaqudgha
Okawaru
Qazlal
Ru
Trog
Uskayaw
Vehumet
Wu Jian
Xom
Zin
The Shining One


Message History

The scorpion is moderately wounded.
The foxfire hits the scorpion.
The scorpion is moderately wounded.
Casting: Foxfire (safe; 1% risk of failure)
Confirm with . or Enter, or press ? or * to list all spells.
You conjure some foxfire!
You feel sick.
The scorpion stings you but does no damage.
You feel sick.
The foxfire hits the scorpion but does no damage.
The scorpion is moderately wounded.
The foxfire hits the scorpion but does no damage.
The scorpion is moderately wounded.
The scorpion stings you but does no damage.
You feel sick. The scorpion misses you.
You feel sick.
You feel sick.
You feel sick.
You are no longer poisoned.
The scorpion stings you.
* * * LOW HITPOINT WARNING * * *
The scorpion misses you. The scorpion stings you.
* * * LOW HITPOINT WARNING * * *
You are poisoned.
The scorpion poisons you!
There is a stone staircase leading up, spattered with blood here.
You feel sick.
The scorpion stings you but does no damage.
You climb upwards.
You feel sick.
There is a stone staircase leading down here.
You slash the scorpion!
Your weapon exudes an aura of protection.
The scorpion is severely wounded.
You feel sick.
The scorpion stings you but does no damage.
The scorpion stings you.
* * * LOW HITPOINT WARNING * * *
You hit the scorpion but do no damage.
The scorpion is severely wounded.
You die...

#...# ######## #...#####
#....... #.......#
#....... #.......###
#....... #.......+.#
#.......
#.......#.#######.......
#...............'.......
#.....s.#[#######.>.....
#......@'.......'.......
#.......#########.......
#.......................
#.......................
#.......................
#.......................
#...................####
########......[.....#
#..................#


You could see a scorpion.

Vanquished Creatures
  Pikel (D:4)
  Prince Ribbit (D:7)
  Sigmund (D:5)
  A wyvern (D:6)
  A water moccasin (D:6)
  An orc warrior (D:5)
  An ice beast (D:7)
  2 necrophages
  An ogre (D:5)
  A phantom (D:6)
  A lemure (D:4)
  A bullfrog (D:6)
  A water moccasin zombie (D:4)
  A gnoll sergeant (D:5)
  3 scorpions
  3 killer bees
  3 howler monkeys
  A bullfrog zombie (D:6)
  2 centaur zombies
  2 jellies (D:5)
  5 hounds
  6 orc priests
  A bullfrog skeleton (D:5)
  A human zombie (D:4)
  4 centaur skeletons
  An iguana (D:2)
  3 scorpion zombies (D:4)
  A hound zombie (D:4)
  4 mummies (D:4)
  5 gnolls
  A howler monkey skeleton (D:6)
  4 adders
  2 shadow imps (D:3)
  A white imp (D:6)
  An ufetubus (D:6)
  4 worms
  2 dart slugs
  12 orcs
  7 bats
  3 endoplasms
  9 giant cockroaches
  6 goblins
  3 hobgoblins
  4 jackals (D:3)
  5 quokkas
  4 ball pythons
  5 frilled lizards (D:1)
  13 kobolds
  A quokka zombie (D:4)
  4 rats
  A butterfly (D:6)
152 creatures vanquished.

Vanquished Creatures (collateral kills)
  24 foxfires
24 creatures vanquished.

Vanquished Creatures (others)
  688 foxfires
  16 plants
704 creatures vanquished.

Grand Total: 880 creatures vanquished

Notes
Turn   | Place    | Note
-------+----------+-------------------------------------------
     0 | D:1      | Wolffar the Deep Elf Fire Elementalist began the quest for
                  | the Orb.
     0 | D:1      | Reached XP level 1. HP: 10/10 MP: 6/6
   164 | D:1      | Reached XP level 2. HP: 15/15 MP: 5/8
   669 | D:1      | Reached XP level 3. HP: 19/20 MP: 5/10
  2169 | D:2      | Reached XP level 4. HP: 20/24 MP: 6/12
  2518 | D:2      | Learned a level 3 spell: Conjure Flame
  2790 | D:3      | Found a transporter.
  3516 | D:3      | Reached XP level 5. HP: 20/28 MP: 3/14
  3689 | D:3      | Found a transporter.
  4369 | D:3      | Reached skill level 1 in Fighting
  4928 | D:3      | Reached skill level 5 in Spellcasting
  5865 | D:4      | Reached XP level 6. HP: 31/34 MP: 12/15
  6137 | D:4      | Found an ancient bone altar of Kikubaaqudgha.
  6246 | D:4      | Reached XP level 7. HP: 39/39 MP: 15/17
  6267 | D:4      | Reached skill level 5 in Fire Magic
  7374 | D:5      | Entered Level 5 of the Dungeon
  7663 | D:5      | Reached skill level 5 in Conjurations
  7732 | D:5      | Learned a level 3 spell: Inner Flame
  7910 | D:5      | Noticed Pikel
  8467 | D:4      | Killed Pikel
  8468 | D:4      | Reached XP level 8. HP: 33/45 MP: 13/20
  8555 | D:4      | Learned a level 4 spell: Sticky Flame
  8622 | D:5      | Reached skill level 1 in Short Blades
  8689 | D:5      | Reached skill level 5 in Dodging
  9000 | D:5      | Noticed Sigmund
  9037 | D:5      | Killed Sigmund
  9752 | D:6      | Reached skill level 1 in Hexes
  9911 | D:6      | Reached XP level 9. HP: 46/51 MP: 18/22
 10413 | D:5      | Reached skill level 1 in Polearms
 11045 | D:6      | Found a glowing golden altar of the Shining One.
 11133 | D:6      | Became a worshipper of the Shining One
 11161 | D:6      | Found a snail-covered altar of Cheibriados.
 11216 | D:6      | Found a staircase to the Ecumenical Temple.
 11278 | Temple   | Entered the Ecumenical Temple
 11307 | Temple   | Fell from the grace of the Shining One
 11307 | Temple   | Became a worshipper of Vehumet
 11770 | D:7      | Noticed Prince Ribbit
 11777 | D:7      | Killed Prince Ribbit
 11838 | D:7      | Learned a level 5 spell: Fireball
 12359 | D:6      | HP: 2/52 [scorpion (3)]
 12360 | D:6      | Succumbed to a scorpion's poison

Illustrated notes

Levels and vault maps discovered:
D:1:      minmay_arrival_arboretum_small, layout_basic, lexackson_kobold_supper
D:2:      layout_basic
D:3:      gammafunk_wand_slinger, layout_basic, corexii_item_surrounded_by_moat
D:4:      layout_gridville, lemuel_mausoleum_altar_kikubaaqudgha
D:5:      layout_basic, grunt_ministairs_10, chequers_serial_rivers_marsh,
          mrwooster_statue_mirror, chequers_serial_rivers_large_b,
          minmay_checkerbox, uniq_pikel, uniq_sigmund
D:6:      minmay_angry_zag, layout_basic,
          mainiacjoe_overflow_concentric_impassable, kennysheep_slug_shrine,
          minmay_temple_entry_butterflies, kennysheep_generic_room_2
D:7:      layout_basic, old_standard_altar, enter_bailey_3, uniq_prince_ribbit1
Temple:   cyrus_circular_temple

Skill      XL: |  1  2  3  4  5  6  7  8  9 |
---------------+----------------------------+-----
Fire Magic     | 4 5 6 |  6.8
Spellcasting   | 4 5 7 8 |  8.6
Conjurations   | 2 3 4 6 7 8 |  8.0
Fighting       | 1 2 3 |  3.9
Dodging        | 3 4 5 6 |  6.1
Short Blades   | 1 |  1.1
Hexes          | 1 3 |  3.2
Polearms       | 1 |  1.9
Throwing       | |  0.7
Stealth        | |  2.4

Action                   |  1- 3 |  4- 6 |  7- 9 || total
-------------------------+-------+-------+-------++-------
Melee: Short sword       |   198 |       |       ||   198
       Dagger            |       |    16 |    16 ||    32
       Trident           |       |       |    21 ||    21
       Scythe            |       |       |    23 ||    23
Throw: Dart              |     2 |    11 |       ||    13
 Cast: Foxfire           |    72 |   133 |   249 ||   454
       Conjure Flame     |       |       |     3 ||     3
  Use: Potion            |     2 |     2 |     5 ||     9
       Scroll            |       |     3 |     3 ||     6
Armor: Robe              |     5 |     5 |    64 ||    74
       Skin              |       |       |     1 ||     1
Dodge: Dodged            |    25 |    14 |   164 ||   203
